 Dungeon Crawl Stone Soup version 0.29.0-4-gdea44cf6ec (webtiles) character file.

Game seed: 3107408884189105997

93 qw the Chopper (level 4, -1/26 HPs)
             Began as a Tengu Warper on Aug 28, 2022.
             Slain by a gnoll
             ... wielding a +0 falchion
              (7 damage)
             ... on level 3 of the Dungeon.
             The game lasted 00:00:12 (2164 turns).

qw the Chopper (Tengu Warper)                       Turns: 2164, Time: 00:00:12

Health: -1/26      AC:  6    Str: 13    XL:     4   Next: 62%
Magic:  8/8        EV: 10    Int: 14    God:
Gold:   75         SH:  4    Dex: 13    Spells: 7/7 levels left

rFire   . . .      SeeInvis .   Y - +0 hand axe
rCold   . . .      Faith    .   c - +0 buckler
rNeg    . . .      Spirit   .   f - +0 ring mail
rPois   .          Reflect  .   (helmet restricted)
rElec   .          Harm     .   (no cloak)
rCorr   .          Rampage  .   n - +0 pair of gloves
Will    .....                   (boots unavailable)
Stlth   +.........              (no amulet)
HPRegen 0.08/turn               (no ring)
MPRegen 0.11/turn               (no ring)

@: about to teleport
A: beak, talons 3
a: no special abilities


You were on level 3 of the Dungeon.
You visited 1 branch of the dungeon, and saw 3 of its levels.

You collected 75 gold pieces.


Innate Abilities, Weirdness & Mutations

You have a beak for a mouth.
You have claws for feet.


   Skills:
 - Level 2.0 Fighting
 + Level 4.9 Axes
 - Level 1.0 Throwing
 - Level 1.1 Armour
 - Level 2.1 Dodging
 - Level 1.1 Shields
 - Level 2.0 Spellcasting
 - Level 2.4 Translocations


You had 7 spell levels left.
You didn't know any spells.
Your spell library contained the following spells:

 Spells                   Type           Power      Damage    Failure   Level
 Blink                    Tloc           16%        N/A       36%         2
 Gell's Gravitas          Tloc           8%         N/A       61%         3
 Lesser Beckoning         Tloc           8%         N/A       61%         3
 Teleport Other           Tloc           8%         N/A       61%         3
 Manifold Assault         Tloc           8%         N/A       100%        5

Inventory:

Hand Weapons
 e - a +0 flail
 Y - a +0 hand axe (weapon)
Armour
 b - a +0 scale mail
 c - a +0 buckler (worn)
 f - a +0 ring mail (worn)
 n - a +0 pair of gloves (worn)
Scrolls
 a - a scroll of identify
Potions
 d - a potion of resistance
 g - a potion of cancellation
 h - a potion of ambrosia {unknown}
 i - a potion of flight {unknown}
 j - a potion of haste {unknown}
 k - a potion of berserk rage {unknown}
 m - a potion of curing {unknown}

Dungeon Overview and Level Annotations

Branches:
Dungeon (3/15)

Altars:


Message History

You kill the gnoll!
Your Shields skill increases to level 1!
2154 ||| FLEEEEING.
Things that are here:
a +0 halberd; a gnoll corpse
2155 ||| FLEEEEING.
A gnoll comes into view. It is wielding a +0 falchion.
The gnoll shouts!
An adder comes into view.
You completely miss the gnoll.
The adder hisses angrily.
You peck the gnoll, but do no damage. The gnoll barely misses you.
The gnoll hits you but does no damage.
You hit the gnoll.
The gnoll is lightly wounded.
The gnoll hits you with a +0 whip.
You hit the gnoll. You claw the gnoll. You peck the gnoll.
The gnoll is severely wounded.
You hit the gnoll but do no damage. You block the gnoll's attack.
The gnoll hits you with a +0 falchion.
You hit the gnoll.
The gnoll is almost dead.
You hit the gnoll. The gnoll completely misses you.
The gnoll hits you with a +0 falchion.
You barely miss the gnoll. You claw the gnoll.
You kill the gnoll!
You hit the gnoll. The gnoll closely misses you.
You barely miss the gnoll. Your peck misses the gnoll.
The gnoll is moderately wounded.
The gnoll hits you with a +0 falchion.
2163 ||| READING scroll of teleportation.
As you read the scroll of teleportation, it crumbles to dust.
You feel strangely unstable. The gnoll closely misses you.
The gnoll hits you but does no damage.
You barely miss the gnoll. You claw the gnoll, but do no damage.
Your peck misses the gnoll.
The gnoll is moderately wounded.
The gnoll barely misses you. The gnoll hits you with a +0 falchion!
You die...

............#
...#.#.#....####
...........##.#
..#.#.#...##..#
..........##.##
#.#.#.#.#.#..#
#...........##
#......gg.###
#.......#@#
#.......#)#
#.....).#.#
#.......#.# .
#.........#....
#.#.###..%)......
# #. #...#.......
. #.###....... #
#. #......


You could see 2 gnolls.

Vanquished Creatures
  5 gnolls
  A worm (D:2)
  2 dart slugs (D:1)
  3 endoplasms
  3 giant cockroaches
  3 hobgoblins
  3 jackals (D:2)
  A kobold (D:1)
  A quokka (D:1)
  4 bats
  A frilled lizard (D:3)
  5 goblins
  10 rats
42 creatures vanquished.

Notes
Turn   | Place    | Note
-------+----------+-------------------------------------------
     0 | D:1      | qw the Tengu Warper began the quest for the Orb.
     0 | D:1      | Reached XP level 1. HP: 12/12 MP: 4/4
     0 | D:1      | 0 ||| qw: Version: 0.1-a-89-g26bdef1
     0 | D:1      | 0 ||| qw: Game counter: 2913
     0 | D:1      | 0 ||| qw: Always use a shield: true
     0 | D:1      | 0 ||| qw: God list: Okawaru
     0 | D:1      | 0 ||| qw: Allow faded altars: false
     0 | D:1      | 0 ||| qw: Do Orc after D:15 true
     0 | D:1      | 0 ||| qw: Do second Lair branch before Depths: true
     0 | D:1      | 0 ||| qw: Lair rune preference: random
     0 | D:1      | 0 ||| qw: Plans: Normal
     0 | D:1      | 0 ||| PLANNING D:1-11
    73 | D:1      | 73 ||| Stepping ~*~*~tactically~*~*~ (hiding).
   175 | D:1      | 175 ||| Stepping ~*~*~tactically~*~*~ (hiding).
   277 | D:1      | 277 ||| Stepping ~*~*~tactically~*~*~ (hiding).
   356 | D:1      | 356 ||| Stepping ~*~*~tactically~*~*~ (stealth).
   358 | D:1      | 358 ||| Stepping ~*~*~tactically~*~*~ (stealth).
   360 | D:1      | 360 ||| Stepping ~*~*~tactically~*~*~ (stealth).
   361 | D:1      | 361 ||| Stepping ~*~*~tactically~*~*~ (stealth).
   366 | D:1      | Reached skill level 3 in Axes
   366 | D:1      | Reached XP level 2. HP: 17/17 MP: 6/6
   676 | D:1      | Found a faded altar of an unknown god.
   787 | D:1      | 787 ||| Stepping ~*~*~tactically~*~*~ (hiding).
  1054 | D:1      | 1054 ||| UPGRADING to +0 ring mail.
  1064 | D:1      | 1064 ||| DROPPING +0 leather armour.
  1065 | D:1      | 1065 ||| READING 4 scrolls labelled VOXZAT VAOPP.
  1066 | D:1      | 1066 ||| READING scroll labelled VOATYVUMAPS.
  1071 | D:1      | 1071 ||| READING scroll labelled ZUB KOECZUINN.
  1072 | D:1      | 1072 ||| READING 3 scrolls of identify.
  1072 | D:1      | 1072 ||| IDENTIFYING bubbling amethyst potion
  1073 | D:1      | 1073 ||| READING 2 scrolls of identify.
  1073 | D:1      | 1073 ||| IDENTIFYING lumpy ruby potion
  1074 | D:1      | 1074 ||| DROPPING scroll of blinking.
  1075 | D:1      | 1075 ||| DROPPING potion of degeneration.
  1169 | D:2      | Reached XP level 3. HP: 16/21 MP: 7/7
  1305 | D:2      | Reached skill level 4 in Axes
  1308 | D:2      | HP: 4/21 [gnoll/+0 club (5)]
  1311 | D:2      | Reached XP level 4. HP: 5/26 MP: 8/8
  1604 | D:2      | 1604 ||| DROPPING +0 club.
  1955 | D:2      | 1955 ||| UPGRADING to +0 buckler.
  1960 | D:2      | 1960 ||| UPGRADING to +0 pair of gloves.
  1965 | D:2      | 1965 ||| DRINKING 2 metallic clear potions.
  1966 | D:2      | 1966 ||| READING 2 scrolls of identify.
  1966 | D:2      | 1966 ||| IDENTIFYING sedimented golden potion
  1967 | D:2      | 1967 ||| DROPPING potion of attraction.
  2061 | D:3      | 2061 ||| Stepping ~*~*~tactically~*~*~ (hiding).
  2062 | D:3      | 2062 ||| Stepping ~*~*~tactically~*~*~ (hiding).
  2142 | D:3      | 2142 ||| Stepping ~*~*~tactically~*~*~ (stealth).
  2144 | D:3      | 2144 ||| Stepping ~*~*~tactically~*~*~ (hiding).
  2148 | D:3      | 2148 ||| Stepping ~*~*~tactically~*~*~ (hiding).
  2154 | D:3      | Reached skill level 1 in Shields
  2154 | D:3      | 2154 ||| FLEEEEING.
  2155 | D:3      | 2155 ||| FLEEEEING.
  2162 | D:3      | HP: 6/26 [gnoll/+0 falchion (2)]
  2163 | D:3      | 2163 ||| READING scroll of teleportation.
  2164 | D:3      | Slain by a gnoll

Levels and vault maps discovered:
D:1:      ncdulo_lavacross, layout_loops_ring,
          shapermc_ecumenical_altar_mp_vishouse, chequers_serial_rivers_small_b,
          st_stairs_12
D:2:      layout_basic
D:3:      layout_rooms, serial_glass, glass_columns_b, glass_columns_b,
          glass_columns_a, glass_columns_a, glass_columns_a, glass_columns_a,
          glass_columns_a, glass_columns_b

Skill      XL: |  1  2  3  4 |
---------------+-------------+-----
Axes           | 3 4 |  4.9
Shields        | 1 |  1.1
Fighting       | |  2.0
Throwing       | |  1.0
Armour         | |  1.1
Dodging        | |  2.1
Spellcasting   | |  2.0
Translocations | |  2.4

Action                   |  1- 3 |  4- 6 || total
-------------------------+-------+-------++-------
Melee: Hand axe          |    49 |    35 ||    84
       Peck              |     9 |     4 ||    13
       Kick              |    16 |    11 ||    27
Throw: Boomerang         |     7 |       ||     7
  Use: Scroll            |     5 |     2 ||     7
       Potion            |       |     1 ||     1
Armor: Ring mail         |     5 |    11 ||    16
       Leather armour    |     2 |       ||     2
Dodge: Dodged            |    23 |    17 ||    40
Block: Buckler           |       |     2 ||     2

Table legend:
 A = Non-vault XP
 B = Vault XP
 C = Vault XP percentage of total XP
 D = Non-vault monster count
 E = Vault monster count
 F = Vault count percentage of total count
                 A         B        C        D         E       F
            +---------+---------+-------+---------+---------+-------
      Total |     133 |       1 |   0.7 |      41 |       1 |   2.4
            +---------+---------+-------+---------+---------+-------
        D:1 |      28 |       1 |   3.4 |      15 |       1 |   6.2
        D:2 |      67 |       0 |   0.0 |      16 |       0 |   0.0
        D:3 |      38 |       0 |   0.0 |      10 |       0 |   0.0
            +---------+---------+-------+---------+---------+-------
